 Dungeon Crawl Stone Soup version 0.29-a0-1023-g6ae1a4a2c7 (webtiles) character file.

Game seed: 15564754782928078264

18 Sobieck the Cutter (level 2, 0/19 HPs)
             Began as a Kobold Berserker on Aug 11, 2022.
             Was an Initiate of Trog.
             Succumbed to an adder's poison
             ... on level 2 of the Dungeon.
             The game lasted 00:01:36 (1748 turns).

Sobieck the Cutter (Kobold Berserker)               Turns: 1748, Time: 00:01:37

Health: 0/19       AC:  2    Str: 14    XL:     2   Next: 90%
Magic:  2/2        EV: 14    Int:  8    God:    Trog [......]
Gold:   27         SH:  0    Dex: 14    Spells: 1/1 levels left

rFire   . . .      SeeInvis .   a - +0 short sword {short}
rCold   . . .      Faith    .   (no shield)
rNeg    . . .      Spirit   .   h - +0 animal skin
rPois   .          Reflect  .   (no helmet)
rElec   .          Harm     .   (no cloak)
rCorr   .          Rampage  .   (no gloves)
Will    .....                   (no boots)
Stlth   +++.......              (no amulet)
HPRegen 0.06/turn               (no ring)
MPRegen 0.08/turn               (no ring)

@: lethally poisoned (0 -> -7)
A: small, no large weapons, nightstalker 3
a: Renounce Religion


You were on level 2 of the Dungeon.
You worshipped Trog.
Trog was noncommittal.
You visited 1 branch of the dungeon, and saw 2 of its levels.

You collected 27 gold pieces.


Innate Abilities, Weirdness & Mutations

You are small and have problems with some larger weapons.
You are completely attuned to the shadows.


   Skills:
 - Level 3.2 Fighting
 - Level 4.0 Short Blades
 - Level 1.5 Armour
 - Level 2.4 Dodging
 + Level 3.4 Stealth


You had one spell level left.
You didn't know any spells.
Your spell library was empty.

Inventory:

Hand Weapons
 a - a +0 short sword (weapon) {short}
 b - a +0 sling
   (You found it on level 1 of the Dungeon)
 d - a +1 hand axe of draining {axe}
   (You found it on level 1 of the Dungeon)
Missiles
 c - 14 stones (quivered) {throwing}
Armour
 e - a +0 ring mail
   (You found it on level 1 of the Dungeon)
 f - a +0 scale mail
   (You found it on level 1 of the Dungeon)
 h - a +0 animal skin (worn)

Dungeon Overview and Level Annotations

Branches:
Dungeon (2/15) Zot: 10192

Altars:

#.# #.#
.###÷##
.....<#
#####.#
#.# #.#
#.# #@#
#.†...
#..###
..!#
.#..


There were no monsters in sight!


Message History

You puncture the adder!
You kill the adder!
Trog accepts your kill.
You feel sick.
Your Stealth skill increases to level 3!
You hit the hobgoblin.
You kill the hobgoblin!
Trog accepts your kill.
Unknown command.
You feel sick.
You see here an adder corpse.
You feel a strong urge to attack something.
You feel sick.
There is a stone staircase leading up here.
You start resting.
You feel your anger nearly subside.
You are no longer berserk.
You are exhausted.
You feel yourself slow down.
* * * LOW HITPOINT WARNING * * *
You feel sick.
* * * LOW HITPOINT WARNING * * *
You feel sick.
You are no longer poisoned.
You climb upwards.
There is a stone staircase leading down here.
Unknown command.
You start resting.
You feel yourself speed up.
You start resting.
You recover from your berserk rage.
You start resting.
You can no longer go berserk at will.
You start resting.
Unknown command.
b - a +0 sling (weapon)
You climb downwards.
There is a stone staircase leading up here.
Danger!
Unknown command.
A ball python is nearby!
You shoot a sling bullet.
The sling bullet closely misses the ball python.
The ball python barely misses you. The ball python misses you.
a - a +0 short sword (weapon)
{short} You barely miss the ball python.
The ball python closely misses you. The ball python grabs you.
The ball python constricts you.
You hit the ball python. The ball python barely misses you.
The ball python constricts you. The ball python bites you.
The ball python constricts you.
You are too injured to fight recklessly!
You are too injured to fight recklessly!
You are too injured to fight recklessly!
You closely miss the ball python. The ball python bites you.
The ball python constricts you.
You hit the ball python.
You kill the ball python!
Trog accepts your kill.
There is a stone staircase leading up here.
You start resting.
Unknown command.
b - a +0 sling (weapon)
c - 14 stones {throwing} (gained 3)
An adder comes into view.
The adder hisses angrily.
Danger!
a - a +0 short sword (weapon)
{short} You miss the adder.
The adder bites you. x2
You closely miss the adder. The adder misses you.
You hit the adder. The adder closely misses you.
Unknown command.
You barely miss the adder. The adder barely misses you.
You hit the adder but do no damage. The adder bites you but does no damage.
You miss the adder. The adder closely misses you.
You hit the adder. The adder bites you. x2
* * * LOW HITPOINT WARNING * * *
You are poisoned.
The adder poisons you!
Okay, then.
Unknown command.
Unknown command.
Okay, then.
Unknown command.
Okay, then.
Unknown command.
You barely miss the adder.
You feel sick. The adder barely misses you.
You hit the adder.
You feel sick. The adder bites you.
* * * LOW HITPOINT WARNING * * *
You are lethally poisoned!
The adder poisons you!
You miss the adder.
* * * LOW HITPOINT WARNING * * *
You feel sick. The adder misses you.
You hit the adder.
* * * LOW HITPOINT WARNING * * *
You feel sick. The adder bites you but does no damage.
You hit the adder.
You kill the adder!
Trog accepts your kill.
You die...

Skill      XL: |  1  2 |
---------------+-------+-----
Stealth        | 2 3 |  3.4
Fighting       | |  3.2
Short Blades   | |  4.0
Armour         | |  1.5
Dodging        | |  2.4

Action                   || total
-------------------------++-------
Melee: Short sword       ||    57
 Fire: Sling             ||     3
Invok: Berserk           ||     2
  Use: Scroll            ||     1
Armor: Animal skin       ||    10
Dodge: Dodged            ||    40

Levels and vault maps discovered:
D:1:      dpeg_arrival_circle_labyrinth_b, layout_basic, basic_ecumenical_altar,
          serial_bayou_ford_a, chequers_serial_rivers_large_b
D:2:      layout_loops_cross

Notes
Turn   | Place    | Note
-------+----------+-------------------------------------------
     0 | D:1      | Sobieck the Kobold Berserker began the quest for the Orb.
     0 | D:1      | Reached XP level 1. HP: 14/14 MP: 1/1
   329 | D:1      | Reached skill level 1 in Stealth
   592 | D:1      | Reached skill level 2 in Stealth
   900 | D:1      | Reached XP level 2. HP: 19/19 MP: 2/2
  1068 | D:1      | Found a faded altar of an unknown god.
  1316 | D:2      | HP: 7/28 [poisoned by an adder]
  1317 | D:2      | Reached skill level 3 in Stealth
  1321 | D:2      | HP: 3/19 [poisoned by an adder]
  1322 | D:2      | HP: 1/19 [poisoned by an adder]
  1745 | D:2      | HP: 4/19 [adder (2)]
  1747 | D:2      | HP: 1/19 [poisoned by an adder]
  1748 | D:2      | Succumbed to an adder's poison

Vanquished Creatures
  2 adders (D:2)
  A ball python (D:2)
  A goblin (D:1)
  A hobgoblin (D:2)
  A kobold (D:1)
  A quokka (D:1)
  A bat (D:1)
  3 rats (D:1)
11 creatures vanquished.

Table legend:
 A = Non-vault XP
 B = Vault XP
 C = Vault XP percentage of total XP
 D = Non-vault monster count
 E = Vault monster count
 F = Vault count percentage of total count
                 A         B        C        D         E       F
            +---------+---------+-------+---------+---------+-------
      Total |      40 |       0 |   0.0 |      11 |       0 |   0.0
            +---------+---------+-------+---------+---------+-------
        D:1 |      10 |       0 |   0.0 |       7 |       0 |   0.0
        D:2 |      30 |       0 |   0.0 |       4 |       0 |   0.0
            +---------+---------+-------+---------+---------+-------

Illustrated notes

Table legend:
 A = Kills in this place as a percentage of kills in entire the game.
 B = Kills by you in this place as a percentage of kills by you in the entire game.
 C = Kills by friends in this place as a percentage of kills by friends in the entire game.
 D = Other kills in this place as a percentage of other kills in the entire game.
 E = Experience gained in this place as a percentage of experience gained in the entire game.
 F = Experience gained in this place divided by the number of levels of this place that you have seen.
                   A       B       C       D       E      F
               +-------+-------+-------+-------+-------+----------------------
         Total | 100.0 | 100.0 |   N/A |   N/A | 100.0 |  20.0
       Dungeon | 100.0 | 100.0 |   N/A |   N/A | 100.0 |  20.0
               +-------+-------+-------+-------+-------+----------------------

Table legend: (Time is in decaauts)
 A = Elapsed time spent in this place.
 B = Non-inter-level travel time spent in this place.
 C = Inter-level travel time spent in this place.
 D = Time resting spent in this place.
 E = Time spent auto-exploring this place.
 F = Levels seen in this place.
 G = Mean time per level.
                   A        B        C        D        E       F      G
               +--------+--------+--------+--------+--------+-----+--------+
         Total |   1807 |   1757 |     50 |    567 |   1077 |   2 |  903.5 |
       Dungeon |   1807 |   1757 |     50 |    567 |   1077 |   2 |  903.5 |
               +--------+--------+--------+--------+--------+-----+--------+

Top non-repeatable levels by time:
     D:1: 1659 daAuts
     D:2: 147 daAuts
